 Dungeon Crawl Stone Soup version 0.27-a0-1281-ge233d83751 (webtiles) character file.

Game seed: 11511460124338007275

1127 bande the Shield-Bearer (level 8, -17/48 HPs)
             Began as a Gargoyle Fighter on June 13, 2021.
             Was a Follower of Okawaru.
             Demolished by an orc warrior (20 damage)
             ... on level 5 of the Dungeon.
             The game lasted 00:09:58 (5596 turns).

bande the Shield-Bearer (Gargoyle Fighter)          Turns: 5596, Time: 00:10:00

Health: -17/48     AC:  0    Str: 21    XL:     8   Next: 35%
Magic:  9/9        EV:  8    Int:  9    God:    Okawaru [*.....]
Gold:   208        SH: 10    Dex: 12    Spells: 7/7 levels left

rFire    . . .     SeeInvis .   a - +1 war axe
rCold    . . .     Faith    +   c - +0 kite shield
rNeg     + . .     Spirit   .   b - +0 scale mail
rPois    ∞         Reflect  .   (helmet restricted)
rElec    +         Harm     .   (no cloak)
rCorr    +         Rampage  .   u - +0 pair of gloves
Will     .....                  (no boots)
Stlth    +.........             w - amulet of faith
HPRegen  0.16/turn              f - ring of resist corrosion
MPRegen  0.11/turn              (no ring)

@: mighty, corroded
A: sickness immunity, AC +5, negative energy resistance 1, electricity
resistance, torment resistance 1, petrification resistance, horns 1, iridescent
scales 1, thin skeletal structure 1
a: Renounce Religion, Heroism


You were on level 5 of the Dungeon.
You worshipped Okawaru.
Okawaru was aware of your devotion.
You visited 2 branches of the dungeon, and saw 7 of its levels.

You collected 208 gold pieces.

Inventory:

Hand Weapons
 a - a +1 war axe (weapon)
 o - a +2 vorpal flail
Missiles
 g - a throwing net (quivered)
Armour
 b - a +0 scale mail (worn)
 c - a +0 kite shield (worn)
 u - a +0 pair of gloves (worn)
Jewellery
 f - a ring of resist corrosion (left hand)
 q - a ring of fire
 w - an amulet of faith (around neck)
Wands
 n - a wand of paralysis (12)
 p - a wand of iceblast (8)
 r - a wand of digging (3)
Scrolls
 h - 2 scrolls of fog
 j - 2 scrolls of amnesia
 k - 3 scrolls of identify
 l - a scroll of enchant weapon
 m - 2 scrolls of teleportation
 x - a scroll of magic mapping
Potions
 d - a potion of might
 i - a potion of ambrosia
 s - a potion of haste {unknown}
 t - a potion of degeneration {unknown}
 v - a potion of mutation


   Skills:
 + Level 4.5 Fighting
 + Level 5.4 Axes
 + Level 5.1 Armour
 - Level 1.6 Dodging
 - Level 0.5 Stealth
 + Level 5.5 Shields
 * Level 1.3 Invocations
 * Level 3.1 Evocations


You had 7 spell levels left.
You didn't know any spells.
Your spell library contained the following spells:

 Spells                   Type           Power      Damage    Failure   Level
 Freeze                   Ice            0%         1d3       98%         1
 Magic Dart               Conj           0%         1d3       98%         1
 Searing Ray              Conj           0%         3d3       99%         2
 Dazzling Flash           Conj/Hex       0%         N/A       100%        3
 Frozen Ramparts          Ice            0%         1d2       100%        3
 Ozocubu's Armour         Ice            0%         N/A       100%        3
 Fulminant Prism          Conj/Hex       0%         3d6       100%        4
 Hailstorm                Conj/Ice       0%         3d3       100%        4
 Iskenderun's Mystic Bla  Conj/Tloc      0%         2d3       100%        4
 Metabolic Englaciation   Hex/Ice        0%         N/A       100%        5


Dungeon Overview and Level Annotations

Branches:
Dungeon (6/15)             Temple (1/1) D:4

Altars:
Ashenzari
Cheibriados
Hepliaklqana
Kikubaaqudgha
Okawaru
Qazlal
Ru
Sif Muna
Trog
Uskayaw
Vehumet
Wu Jian
Xom
Yredelemnul
Zin
The Shining One

Shops:
D:4 (?([=


Innate Abilities, Weirdness & Mutations

You are immune to sickness and miasma.
Your stone body is resilient. (AC +5)
You are immune to poison.
You resist negative energy. (rN+)
You are resistant to electric shocks. (rElec)
You are resistant to unholy torment.
You are immune to petrification.
You have a pair of small horns on your head.
You are partially covered in iridescent scales. (AC +2)
You have a somewhat thin skeletal structure. (Dex +2, Stealth+)


Message History

You slash the rust devil! The rust devil hits you. The rust devil corrodes you!
The orc warrior hits you with a +0 battleaxe.
You block the rust devil's attack. You block the orc warrior's attack.
You barely miss the orc warrior. You headbutt the orc warrior.
The orc warrior is almost dead.
You hit the rust devil. The rust devil hits you.
You block the orc warrior's attack.
You hit the orc warrior but do no damage.
The orc warrior is almost dead.
You hit the rust devil but do no damage.
You block the rust devil's attack.
The orc warrior hits you but does no damage.
The rust devil hits you!
* * * LOW HITPOINT WARNING * * *
The rust devil corrodes you! You block the orc warrior's attack.
You feel better. The rust devil hits you. The rust devil corrodes you!
The orc warrior closely misses you.
Your scale mail prevents you from hitting the orc warrior.
You headbutt the orc warrior, but do no damage.
The orc warrior is almost dead.
You hit the rust devil but do no damage.
You block the rust devil's attack.
The orc warrior hits you with a +0 battleaxe.
You closely miss the orc warrior.
The orc warrior is almost dead.
You hit the rust devil but do no damage.
The rust devil hits you.
* * * LOW HITPOINT WARNING * * *
The rust devil corrodes you!
The orc warrior hits you with a +0 battleaxe.
* * * LOW HITPOINT WARNING * * *
The rust devil closely misses you.
You slash the orc warrior!
You kill the orc warrior!
Okawaru accepts your kill.
You closely miss the rust devil. The rust devil hits you.
* * * LOW HITPOINT WARNING * * *
The rust devil corrodes you!
The orc warrior hits you with a +2 battleaxe of distortion!!
You die...

#.# #.#.#..#.#.....#.. #.#
#.#.#..#.#.###.### #.#
#.#.............# #.#
#......#.######## #.#
###..............# #.#
##...###...######.# #.#
#..###>###..# #.# #.#
##.##♣...♣##.## #.## #.#
#..#@o....)#..# #...
########.####.###4....###.####..#
........<..##.# +..8..+ #.#......
########.#.##.###.....###.#.#.♣.♣
.........#.##..#).....)#.........
.#####.....###.##♣...♣##....♣.♣.♣
.# #.....# #..###∩###........_.
.# #.....# #....###...##..♣.♣.♣
.# #####.# #.##.....####.......


You could see a rust devil and an orc warrior.

Vanquished Creatures
  A steam dragon (D:5)
  A water moccasin (D:5)
  An orc warrior (D:5)
  A necrophage (D:4)
  An ogre (D:4)
  A phantom (D:5)
  A scorpion (D:4)
  A wyvern zombie (D:5)
  A water moccasin skeleton (D:5)
  A howler monkey (D:5)
  A centaur skeleton (D:5)
  An orc priest (D:3)
  A hound (D:5)
  3 iguanas
  A hound skeleton (D:4)
  12 gnolls
  A howler monkey skeleton (D:5)
  7 adders
  An ufetubus (D:4)
  3 dart slugs
  2 worms
  3 orcs
  5 ball pythons
  3 bats
  9 endoplasms
  2 giant cockroaches
  7 goblins
  9 hobgoblins
  5 jackals
  6 kobolds
  4 quokkas
  A frilled lizard (D:2)
  4 rats
101 creatures vanquished.

Notes
Turn   | Place    | Note
-------+----------+-------------------------------------------
     0 | D:1      | bande the Gargoyle Fighter began the quest for the Orb.
     0 | D:1      | Reached XP level 1. HP: 14/14 MP: 1/1
   220 | D:1      | Reached XP level 2. HP: 14/19 MP: 2/2
   675 | D:1      | Gained mutation: You have a somewhat thin skeletal
                  | structure. (Dex +2, Stealth+) [potion of mutation]
   675 | D:1      | Gained mutation: You are partially covered in iridescent
                  | scales. (AC +2) [potion of mutation]
   675 | D:1      | Gained mutation: You have a pair of small horns on your
                  | head. [potion of mutation]
  1129 | D:2      | Reached XP level 3. HP: 23/23 MP: 3/3
  1929 | D:3      | Reached XP level 4. HP: 28/28 MP: 4/4
  2712 | D:3      | Reached XP level 5. HP: 32/32 MP: 5/5
  2893 | D:4      | Found Tit Icva's Magic Scroll Shoppe.
  2903 | D:4      | Noticed a necrophage
  2909 | D:4      | Killed a necrophage
  2910 | D:4      | Reached skill level 1 in Evocations
  2912 | D:4      | Noticed an ogre
  2918 | D:4      | Killed an ogre
  2919 | D:4      | Reached XP level 6. HP: 28/38 MP: 6/6
  3202 | D:4      | Found Haereb's Antique Armour Boutique.
  3218 | D:4      | Found Ywocua's Jewellery Boutique.
  3403 | D:4      | Found Fuix's Weapon Shoppe.
  3457 | D:4      | Found a staircase to the Ecumenical Temple.
  3467 | Temple   | Entered the Ecumenical Temple
  3534 | D:4      | Reached skill level 1 in Dodging
  3708 | D:4      | Reached XP level 7. HP: 39/43 MP: 7/7
  3864 | D:4      | Found Pyonow Xiuf's Antique Weapon Emporium.
  4091 | D:5      | Entered Level 5 of the Dungeon
  4342 | D:5      | Found an iron altar of Okawaru.
  4354 | D:5      | Became a worshipper of Warmaster Okawaru
  4356 | D:5      | Reached skill level 5 in Shields
  4656 | D:5      | Reached XP level 8. HP: 48/48 MP: 8/8
  4660 | D:5      | Reached skill level 5 in Axes
  4685 | D:5      | Reached skill level 1 in Invocations
  5124 | D:5      | Reached skill level 5 in Armour
  5487 | D:6      | Reached * piety under Okawaru
  5585 | D:5      | Noticed a rust devil
  5585 | D:5      | Noticed a rust devil
  5596 | D:5      | Demolished by an orc warrior

Illustrated notes

Levels and vault maps discovered:
D:1:      wander_arrival_peaceful_grave, layout_loops_ring
D:2:      layout_loops_ring, kennysheep_cluttered_room, grunt_ministairs_1,
          minmay_misc_feat_more_columns
D:3:      layout_basic, chequers_serial_rivers_micro_c
D:4:      layout_cave_pools, minmay_temple_entry_sparse_star, serial_shops,
          shop, nicolae_shop_statue_plus, kennysheep_mini, shop,
          nicolae_shop_statue_plus
D:5:      cheibrodos_iron_armory, layout_basic, okawaru_trees_1,
          lightli_corner_chamber
D:6:      layout_rooms, lemuel_round_altar, uniq_edmund
Temple:   eino_wide_crystal_templ

Skill      XL: |  1  2  3  4  5  6  7  8 |
---------------+-------------------------+-----
Axes           | 2 3 4 5 |  5.4
Shields        | 4 5 |  5.5
Armour         | 4 5 |  5.1
Evocations     | 1 2 3 |  3.1
Dodging        | 1 |  1.6
Fighting       | 4 |  4.5
Invocations    | 1 |  1.3
Stealth        | |  0.5

Action                   |  1- 3 |  4- 6 |  7- 9 || total
-------------------------+-------+-------+-------++-------
Melee: War axe           |   115 |    88 |   135 ||   338
       Headbutt          |    10 |    14 |    23 ||    47
  Use: Scroll            |     2 |     7 |     2 ||    11
       Potion            |     1 |     3 |     2 ||     6
 Stab: Sleeping          |       |       |     2 ||     2
Armor: Scale mail        |    88 |    47 |   101 ||   236
Dodge: Dodged            |    32 |    20 |    55 ||   107
Block: Kite shield       |    61 |    42 |    98 ||   201

Table legend: (Time is in decaauts)
 A = Elapsed time spent in this place.
 B = Non-inter-level travel time spent in this place.
 C = Inter-level travel time spent in this place.
 D = Time resting spent in this place.
 E = Time spent auto-exploring this place.
 F = Levels seen in this place.
 G = Mean time per level.
                   A        B        C        D        E       F      G
               +--------+--------+--------+--------+--------+-----+--------+
         Total |   5781 |   5736 |     45 |    541 |   4109 |   7 |  825.9 |
       Dungeon |   5721 |   5676 |     45 |    541 |   4065 |   6 |  953.5 |
        Temple |     59 |     59 |      0 |      0 |     44 |   1 |   59.0 |
               +--------+--------+--------+--------+--------+-----+--------+

Top non-repeatable levels by time:
     D:5: 1435 daAuts
     D:3: 1138 daAuts
     D:4: 1067 daAuts
     D:1: 1054 daAuts
     D:2: 903 daAuts
     D:6: 123 daAuts
  Temple: 59 daAuts
